 Dungeon Crawl Stone Soup version 0.29.0-4-gdea44cf6ec (webtiles) character file.

Game seed: 7850767145014115897

1327 qw the Cleaver (level 8, -6/71 HPs)
             Began as a Minotaur Berserker on Sept 4, 2022.
             Was a Priest of Trog.
             Killed from afar by an electric eel (12 damage)
             ... with a bolt of electricity
             ... on level 6 of the Dungeon.
             The game lasted 00:01:59 (5967 turns).

qw the Cleaver (Minotaur Berserker)                 Turns: 5967, Time: 00:01:59

Health: -6/71      AC: 16    Str: 25    XL:     8   Next: 34%
Magic:  7/7        EV:  7    Int:  4    God:    Trog [***...]
Gold:   136        SH:  4    Dex:  7    Spells: 7/7 levels left

rFire   . . .      SeeInvis .   Y - +2 hand axe
rCold   . . .      Faith    .   h - +0 buckler
rNeg    . . .      Spirit   .   k - +0 plate armour
rPois   .          Reflect  .   (helmet restricted)
rElec   .          Harm     .   (no cloak)
rCorr   .          Rampage  .   i - +0 pair of gloves
Will    .....                   (no boots)
Stlth   ..........              (no amulet)
HPRegen 0.21/turn               a - +4 ring of protection
MPRegen 0.10/turn               (no ring)

@: about to teleport, on berserk cooldown, slowed, very slow
A: horns 2, retaliatory headbutt, clumsy 1, MP-powered wands
a: Renounce Religion, Berserk, Trog's Hand


You were on level 6 of the Dungeon.
You worshipped Trog.
Trog was most pleased with you.
You visited 1 branch of the dungeon, and saw 6 of its levels.

You collected 244 gold pieces.
You spent 108 gold pieces at shops.


Innate Abilities, Weirdness & Mutations

You have a pair of horns on your head.
You reflexively headbutt those who attack you in melee.
You are clumsy. (Dex -2)
You expend magic power (3 MP) to strengthen your wands.


   Skills:
 - Level 6.6 Fighting
 + Level 10.4 Axes
 - Level 4.0 Armour
 - Level 2.1 Dodging
 - Level 3.0 Shields


You had 7 spell levels left.
You didn't know any spells.
Your spell library was empty.

Inventory:

Hand Weapons
 g - a +0 flail
 Y - a +2 hand axe (weapon)
Armour
 h - a +0 buckler (worn)
 i - a +0 pair of gloves (worn)
 k - a +0 plate armour (worn)
Jewellery
 a - a +4 ring of protection (left hand)
Scrolls
 e - a scroll of identify
 f - a scroll of teleportation
Potions
 b - a potion of heal wounds
 c - a potion of haste
 d - a potion of resistance {unknown}
 j - a potion of might
 l - a potion of curing
 p - a potion of invisibility {unknown}
 s - a potion of mutation
 t - a potion of cancellation {unknown}

Dungeon Overview and Level Annotations

Branches:
Dungeon (6/15)             Temple (0/1) D:4

Altars:
Elyvilon
Nemelex Xobeh
Sif Muna
Trog
Uskayaw

Shops:
D:4 [

Annotations:
D:4 2 transporters, qw's ghost, amateur OgEn


Message History

You slash the scorpion!
You kill the scorpion!
Trog accepts your kill.
You slash the plant!
The electric eel shoots out a bolt of lightning at you!
The bolt of electricity hits you.
Your unstable footing causes you to fumble your attack.
You closely miss the electric eel. You slash the plant!
The electric eel shoots out a bolt of lightning at you!
The bolt of electricity hits you!
The bolt of electricity hits you but does no damage.
The bolt of electricity hits the electric eel.
The electric eel completely resists.
Your unstable footing causes you to fumble your attack.
A nearby plant withers and dies.
Your unstable footing causes you to fumble your attack.
The electric eel shoots out a bolt of lightning at you!
The bolt of electricity hits the electric eel.
The electric eel completely resists.
The bolt of electricity hits you!
You slice the electric eel!!
You kill the electric eel!
Trog accepts your kill.
You hear a splash.
The electric eel shoots out a bolt of lightning at you!
The bolt of electricity hits you.
Things that are here:
an electric eel corpse; a scorpion corpse You slash the electric eel!
The electric eel is moderately wounded.
Your unstable footing causes you to fumble your attack.
Your unstable footing causes you to fumble your attack.
You are no longer berserk.
You are exhausted.
You feel yourself slow down.
5967 ||| READING 2 scrolls of teleportation.
As you read the scroll of teleportation, it crumbles to dust.
You feel strangely unstable.
The electric eel shoots out a bolt of lightning at you!
The bolt of electricity hits you!
You die...

.### ... .# ..... ..#
7~~ #... #.# P~7~
#...# #.# 777~~~~
....###.##### ~~~~~~~
###
#...#.##.#~7~~P~~~~
...
#.......77S~~~P~~~
#.# #.....#.~7@7~~~~~
#..##..##..#7~~~~7
#...#.#######77~~P~~~
.##....## 7~~P~~P
........## ~77~7~
.........# #P ~7
###...[.## ## ~
......¤.# ~~~~~~¤.#


You could see an electric eel.

Vanquished Creatures
  Sigmund (D:6)
  An ice beast (D:5)
  A black bear (D:4)
  An ogre (D:6)
  2 scorpions
  3 gnoll sergeants (D:5)
  An electric eel (D:6)
  A crimson imp (D:4)
  A hound (D:6)
  2 jellies
  4 iguanas (D:5)
  Ijyb (D:4)
  Robin (D:2)
  11 gnolls (D:5)
  6 adders
  2 white imps
  A worm (D:2)
  3 dart slugs
  12 orcs
  5 endoplasms
  3 giant cockroaches
  15 goblins
  13 hobgoblins
  A jackal (D:2)
  5 kobolds
  2 quokkas
  9 ball pythons
  6 bats
  6 frilled lizards
  3 rats
123 creatures vanquished.

Vanquished Creatures (others)
  5 plants (D:6)
5 creatures vanquished.

Grand Total: 128 creatures vanquished

Notes
Turn   | Place    | Note
-------+----------+-------------------------------------------
     0 | D:1      | qw the Minotaur Berserker began the quest for the Orb.
     0 | D:1      | Reached XP level 1. HP: 19/19 MP: 0/0
     0 | D:1      | 0 ||| qw: Version: 0.1-a-103-gd6f5d3a
     0 | D:1      | 0 ||| qw: Game counter: 5481
     0 | D:1      | 0 ||| qw: Always use a shield: true
     0 | D:1      | 0 ||| qw: Do Orc after D:15 true
     0 | D:1      | 0 ||| qw: Do second Lair branch before Depths: true
     0 | D:1      | 0 ||| qw: Lair rune preference: random
     0 | D:1      | 0 ||| qw: Plans: Normal
     0 | D:1      | 0 ||| PLANNING D:1-11
    58 | D:1      | 58 ||| Stepping ~*~*~tactically~*~*~ (stealth).
    60 | D:1      | 60 ||| Stepping ~*~*~tactically~*~*~ (hiding).
    61 | D:1      | 61 ||| Stepping ~*~*~tactically~*~*~ (hiding).
    65 | D:1      | Reached skill level 4 in Axes
    71 | D:1      | Reached XP level 2. HP: 23/26 MP: 1/1
   186 | D:1      | 186 ||| Stepping ~*~*~tactically~*~*~ (hiding).
   334 | D:1      | 334 ||| Stepping ~*~*~tactically~*~*~ (hiding).
   499 | D:1      | Found a faded altar of an unknown god.
   526 | D:1      | 526 ||| Stepping ~*~*~tactically~*~*~ (stealth).
   555 | D:1      | 555 ||| Stepping ~*~*~tactically~*~*~ (stealth).
   707 | D:1      | Reached skill level 5 in Axes
   864 | D:1      | 864 ||| Stepping ~*~*~tactically~*~*~ (stealth).
  1004 | D:1      | Reached ** piety under Trog
  1005 | D:1      | Reached XP level 3. HP: 29/31 MP: 2/2
  1036 | D:1      | 1036 ||| UPGRADING to +0 chain mail.
  1046 | D:1      | 1046 ||| DROPPING +0 animal skin.
  1047 | D:1      | 1047 ||| READING scroll labelled BIESTR VAOHAR.
  1052 | D:1      | 1052 ||| READING 2 scrolls labelled FIYRIAC XICU.
  1053 | D:1      | 1053 ||| READING scroll labelled QEEXTAJIMUU.
  1253 | D:2      | 1253 ||| INVOKING Berserk.
  1572 | D:2      | 1572 ||| DROPPING +0 club.
  1675 | D:2      | Reached skill level 6 in Axes
  1675 | D:2      | Reached XP level 4. HP: 36/39 MP: 3/3
  1827 | D:2      | 1827 ||| Stepping ~*~*~tactically~*~*~ (hiding).
  1831 | D:2      | 1831 ||| Stepping ~*~*~tactically~*~*~ (stealth).
  1838 | D:2      | 1838 ||| Stepping ~*~*~tactically~*~*~ (stealth).
  1891 | D:2      | 1891 ||| Stepping ~*~*~tactically~*~*~ (stealth).
  1892 | D:2      | Noticed Robin
  1897 | D:2      | 1897 ||| INVOKING Berserk.
  1902 | D:2      | Killed Robin
  2292 | D:2      | 2292 ||| READING scroll labelled CAFFIVOSHA.
  2293 | D:2      | 2293 ||| READING scroll labelled GIEDYA POMO.
  2294 | D:2      | 2294 ||| READING 2 scrolls labelled LIED TOAXANIGE.
  2295 | D:2      | 2295 ||| READING scroll labelled UTYAMA ULOEGER.
  2296 | D:2      | 2296 ||| READING scroll labelled ENTISIA PIEJ.
  2297 | D:2      | 2297 ||| READING scroll labelled KUTSIRHU VAHYRR.
  2298 | D:2      | 2298 ||| READING scroll labelled CUHINAPTARIU.
  2299 | D:2      | 2299 ||| DRINKING 3 puce potions.
  2300 | D:2      | 2300 ||| DRINKING 2 murky black potions.
  2300 | D:2      | Gained mutation: You are clumsy. (Dex -2) [potion of
                  | mutation]
  2300 | D:2      | Gained mutation: You expend magic power (3 MP) to
                  | strengthen your wands. [potion of mutation]
  2301 | D:2      | 2301 ||| READING 4 scrolls of identify.
  2301 | D:2      | 2301 ||| IDENTIFYING murky red potion
  2302 | D:2      | 2302 ||| READING 3 scrolls of identify.
  2302 | D:2      | 2302 ||| IDENTIFYING smoky sapphire potion
  2303 | D:2      | 2303 ||| READING 2 scrolls of identify.
  2303 | D:2      | 2303 ||| IDENTIFYING red potion
  2304 | D:2      | 2304 ||| DROPPING potion of attraction.
  2305 | D:2      | 2305 ||| DROPPING scroll of immolation.
  2306 | D:2      | 2306 ||| DROPPING 2 potions of brilliance.
  2307 | D:2      | 2307 ||| READING scroll of teleportation.
  2337 | D:3      | Reached XP level 5. HP: 45/45 MP: 4/4
  2381 | D:3      | Found a hide-covered altar of Uskayaw.
  2402 | D:3      | Reached skill level 7 in Axes
  2480 | D:3      | 2480 ||| FLEEEEING.
  2482 | D:3      | 2482 ||| FLEEEEING.
  2649 | D:3      | Reached *** piety under Trog
  3263 | D:3      | 3263 ||| READING scroll labelled UDOCOLLURA.
  3264 | D:3      | 3264 ||| READING scroll labelled GIHIAW LURA.
  3407 | D:3      | 3407 ||| DRINKING 2 bubbling red potions.
  3408 | D:3      | 3408 ||| DROPPING potion of flight.
  3437 | D:4      | 3437 ||| STAIRDANCE
  3469 | D:4      | Noticed qw's ghost (amateur OgEn)
  3473 | D:4      | Found a transporter.
  3497 | D:4      | Found Hiuloh's Antique Armour Shoppe.
  3510 | D:4      | 3510 ||| SHOPLISTING glowing scarf (192 gold, have 136).
  3510 | D:4      | 3510 ||| BUYING pair of gloves (108 gold).
  3510 | D:4      | Bought a pair of gloves for 108 gold pieces
  3510 | D:4      | 3510 ||| SHOPLISTING runed plate armour (624 gold, have
                  | 28).
  3510 | D:4      | 3510 ||| SHOPLISTING shiny plate armour (624 gold, have
                  | 28).
  3510 | D:4      | 3510 ||| SHOPLISTING warped scale mail (216 gold, have 28).
  3569 | D:4      | Noticed Ijyb
  3590 | D:4      | Found a staircase to the Ecumenical Temple.
  3600 | D:4      | 3600 ||| INVOKING Berserk.
  3603 | D:4      | Killed Ijyb
  3889 | D:4      | 3889 ||| INVOKING Berserk.
  3892 | D:4      | Reached skill level 8 in Axes
  3892 | D:4      | Reached XP level 6. HP: 52/52 MP: 5/5
  4106 | D:4      | Found a transporter.
  4149 | D:4      | 4149 ||| INVOKING Berserk.
  4264 | D:4      | 4264 ||| UPGRADING to +0 pair of gloves.
  4269 | D:4      | 4269 ||| UPGRADING to +0 plate armour.
  4279 | D:4      | 4279 ||| DROPPING +0 chain mail.
  4280 | D:4      | 4280 ||| UPGRADING to +4 ring of protection.
  4281 | D:4      | 4281 ||| READING scroll labelled CICOSH MAENG.
  4282 | D:4      | 4282 ||| DRINKING 2 fizzy pink potions.
  4283 | D:4      | 4283 ||| READING 2 scrolls of identify.
  4283 | D:4      | 4283 ||| IDENTIFYING bubbling clear potion
  4305 | D:5      | Entered Level 5 of the Dungeon
  4338 | D:5      | 4338 ||| READING scroll of enchant weapon.
  4338 | D:5      | 4338 ||| ENCHANTING +1 hand axe.
  4367 | D:5      | 4367 ||| INVOKING Berserk.
  4372 | D:5      | Reached skill level 3 in Armour
  4381 | D:5      | Reached skill level 9 in Axes
  4381 | D:5      | Reached XP level 7. HP: 46/59 MP: 6/6
  4563 | D:5      | 4563 ||| DROPPING +0 whip.
  4620 | D:5      | 4620 ||| INVOKING Berserk.
  4811 | D:5      | 4811 ||| Stepping ~*~*~tactically~*~*~ (stealth).
  4820 | D:5      | 4820 ||| Stepping ~*~*~tactically~*~*~ (stealth).
  4843 | D:5      | 4843 ||| Stepping ~*~*~tactically~*~*~ (stealth).
  4889 | D:5      | 4889 ||| Stepping ~*~*~tactically~*~*~ (hiding).
  5118 | D:5      | Found a white marble altar of Elyvilon.
  5269 | D:5      | Found a bloodstained altar of Trog.
  5281 | D:5      | 5281 ||| Stepping ~*~*~tactically~*~*~ (hiding).
  5476 | D:5      | Reached skill level 10 in Axes
  5577 | D:5      | Found a sparkling altar of Nemelex Xobeh.
  5578 | D:5      | 5578 ||| UPGRADING to +0 buckler.
  5644 | D:6      | 5644 ||| STAIRDANCE
  5648 | D:5      | Reached skill level 1 in Shields
  5650 | D:6      | 5650 ||| INVOKING Berserk.
  5653 | D:6      | Reached XP level 8. HP: 69/69 MP: 7/7
  5658 | D:6      | 5658 ||| STAIRDANCE
  5802 | D:6      | Noticed Sigmund
  5803 | D:6      | 5803 ||| Stepping ~*~*~tactically~*~*~ (hiding).
  5806 | D:6      | Reached skill level 3 in Shields
  5808 | D:6      | 5808 ||| INVOKING Berserk.
  5809 | D:6      | Found a shimmering blue altar of Sif Muna.
  5810 | D:6      | Killed Sigmund
  5811 | D:6      | Reached skill level 6 in Fighting
  5952 | D:6      | 5952 ||| INVOKING Berserk.
  5959 | D:6      | HP: 21/106 [electric eel/bolt of electricity (11)]
  5963 | D:6      | HP: 9/106 [electric eel/bolt of electricity (5)]
  5967 | D:6      | 5967 ||| READING 2 scrolls of teleportation.
  5967 | D:6      | Killed from afar by an electric eel

Levels and vault maps discovered:
D:1:      heliophobic_arrival_glass_houses, layout_basic,
          shapermc_ecumenical_altar_venn
D:2:      layout_basic, minmay_misc_feat_tower, minmay_joined_circles,
          uniq_robin
D:3:      layout_basic, nicolae_uskayaw_suspiria, serial_glass, glass_columns_a,
          glass_columns_a, serial_park_tiny_1
D:4:      layout_rooms, temple_hall, gammafunk_ghost_arena, serial_shops, shop,
          minmay_fire_ice_demons, uniq_ijyb
D:5:      layout_loops_ring, elyvilon_altar_4, mainiacjoe_overflow_swirl
D:6:      layout_layer_cave, mainiacjoe_overflow_concentric_impassable,
          nicolae_specific_store, dreamdust_wishing_well, serial_bayou_lake_a,
          uniq_sigmund, uniq_grinder, uniq_eustachio

Skill      XL: |  1  2  3  4  5  6  7  8 |
---------------+-------------------------+-----
Axes           | 4 5 6 8 9 10 | 10.4
Fighting       | 4 5 6 |  6.6
Armour         | 3 4 |  4.0
Shields        | 2 3 |  3.0
Dodging        | |  2.1

Action                   |  1- 3 |  4- 6 |  7- 9 || total
-------------------------+-------+-------+-------++-------
Melee: Hand axe          |    91 |   134 |    85 ||   310
       Headbutt          |    12 |     9 |    16 ||    37
       Punch             |       |     4 |       ||     4
Invok: Berserk           |     1 |     5 |     4 ||    10
  Use: Scroll            |     3 |    16 |     1 ||    20
       Potion            |       |     4 |       ||     4
Armor: Animal skin       |     5 |       |       ||     5
       Chain mail        |    17 |    40 |       ||    57
       Plate armour      |       |     5 |    38 ||    43
Dodge: Dodged            |    42 |    56 |    19 ||   117

Table legend:
 A = Non-vault XP
 B = Vault XP
 C = Vault XP percentage of total XP
 D = Non-vault monster count
 E = Vault monster count
 F = Vault count percentage of total count
                 A         B        C        D         E       F
            +---------+---------+-------+---------+---------+-------
      Total |    1473 |     423 |  22.3 |      94 |      29 |  23.6
            +---------+---------+-------+---------+---------+-------
        D:1 |      41 |       0 |   0.0 |      22 |       0 |   0.0
        D:2 |      59 |      94 |  61.4 |      18 |      25 |  58.1
        D:3 |      41 |       0 |   0.0 |      17 |       0 |   0.0
        D:4 |     180 |      98 |  35.3 |       7 |       3 |  30.0
        D:5 |     852 |       0 |   0.0 |      26 |       0 |   0.0
        D:6 |     300 |     231 |  43.5 |       4 |       1 |  20.0
            +---------+---------+-------+---------+---------+-------
